Map: Terraform LE (Void)

Players

SolaCe (Nina)

  • Race: Protoss Protoss
  • League: Master

NightEnD - Winner!

  • Race: Protoss Protoss
  • League: Master

Event: ASL Season 5 Prime League LOTV Beta

VOD

Have the link to the VOD?

Description

Time

  • Played on: Oct. 1, 2015, 11:07 p.m.
  • Length: 13:04

All games in this series

Show
View Real Time Build Order
Export as new Build Order

SolaCe Protoss 

Build Orders: 1 Gate Expand 

Get SALT Encoding   

  12  0:00  Probe (Chrono Boost)  
  13  0:10  Probe (Chrono Boost)  
  14  0:18  Pylon  
  14  0:21  Probe (Chrono Boost)  
  15  0:35  Probe (Chrono Boost)  
  15  0:38  Gateway  
  16  0:43  Assimilator  
  16  0:45  Probe (Chrono Boost)  
  17  0:55  Probe (Chrono Boost)  
  18  1:05  Probe (Chrono Boost)  
  19  1:15  Probe (Chrono Boost)  
  20  1:25  Probe (Chrono Boost)  
  21  1:30  Nexus  
  21  1:38  Cybernetics Core  
  21  1:40  Probe (Chrono Boost)  
  21  1:46  Assimilator  
  22  1:52  Probe (Chrono Boost)  
  23  1:57  Pylon  
  23  2:14  Stalker (Chrono Boost), Warp Gate (Chrono Boost)  
  23  2:19  Mothership Core  
  27  2:24  Gateway  
  27  2:39  Adept (Chrono Boost)  
  27  2:40  Probe  
  27  2:42  Probe  
  30  2:47  Pylon  
  31  2:52  Probe x2  
  34  3:06  Robotics Facility  
  35  3:15  Stalker (Chrono Boost)  
  35  3:19  Stalker (Chrono Boost)  
  36  3:23  Pylon  
  36  3:31  Gateway  
  36  3:44  Gateway  
  36  3:53  Immortal (Chrono Boost)  
  36  3:59  Pylon  
  40  4:04  Pylon  
  40  4:08  Pylon  
  40  4:15  Stalker  
  42  4:17  Stalker  
  44  4:30  Immortal (Chrono Boost)  
  48  4:37  Adept  
  50  4:38  Adept  
  51  4:50  Adept  
  48  5:01  Adept x2  
  50  5:13  Probe  
  52  5:18  Adept  
  51  5:22  Adept x2  
  51  5:29  Probe  
  52  5:38  Probe  
  52  5:42  Sentry  
  55  5:43  Probe  
  56  5:53  Pylon  
  56  5:57  Pylon  
  56  6:07  Probe  
  56  6:08  Probe  
  54  6:17  Probe  
  54  6:21  Probe (Chrono Boost)  
  54  6:23  Sentry  
  55  6:29  Probe (Chrono Boost)  
  53  6:33  Probe (Chrono Boost)  
  53  6:39  Probe (Chrono Boost)  
  55  6:42  Probe (Chrono Boost)  
  55  6:45  Sentry  
  58  6:49  Probe (Chrono Boost)  
  58  6:52  Probe (Chrono Boost)  
  56  7:01  Probe (Chrono Boost)  
  56  7:06  Sentry  
  59  7:10  Pylon  
  59  7:24  Pylon  
  59  7:25  Pylon  
  57  7:41  Probe (Chrono Boost)  
  56  7:45  Adept x2  
  54  8:06  Adept  
  54  8:08  Sentry  
  42  8:27  Adept  
  42  8:29  Probe (Chrono Boost)  
  42  8:33  Probe (Chrono Boost)  
  42  8:36  Phoenix  
  42  8:41  Probe (Chrono Boost)  
  41  8:44  Probe (Chrono Boost)  
  43  8:53  Probe (Chrono Boost)  
  44  8:56  Probe (Chrono Boost)  
  45  9:07  Adept  
  45  9:08  Probe (Chrono Boost)  
  48  9:10  Probe (Chrono Boost)  
  49  9:18  Probe (Chrono Boost)  
  49  9:22  Probe (Chrono Boost)  
  51  9:33  Sentry  
  51  9:35  Adept  
  52  9:52  Pylon  
  52  9:54  Pylon  
  52  10:01  Sentry  
  52  10:02  Sentry  
  51  10:36  Adept x2  
  55  10:44  Pylon  
  55  10:46  Pylon  
  53  10:59  Adept  
  53  11:07  Pylon  
  53  11:11  Pylon x2  
  52  11:50  Gateway  
  52  11:51  Gateway  
  50  12:14  Cybernetics Core, Probe (Chrono Boost)  
  50  12:15  Probe (Chrono Boost)  
  51  12:22  Assimilator  
  50  12:24  Probe (Chrono Boost)  
  50  12:25  Probe (Chrono Boost)  
  50  12:28  Assimilator  
  51  12:34  Pylon  
  32  12:53  Adept  
Show
View Real Time Build Order
Export as new Build Order

NightEnD Protoss - Winner!

Build Orders:  

Get SALT Encoding   

  12  0:00  Probe (Chrono Boost)  
  13  0:10  Probe (Chrono Boost)  
  14  0:18  Pylon  
  14  0:21  Probe (Chrono Boost)  
  15  0:35  Probe (Chrono Boost)  
  15  0:38  Gateway  
  16  0:45  Probe (Chrono Boost)  
  16  0:47  Assimilator  
  17  0:52  Assimilator  
  17  0:55  Probe (Chrono Boost)  
  18  1:04  Pylon  
  18  1:05  Probe (Chrono Boost)  
  19  1:15  Probe (Chrono Boost)  
  20  1:25  Probe (Chrono Boost)  
  20  1:28  Cybernetics Core  
  21  1:35  Probe (Chrono Boost)  
  22  1:41  Gateway  
  22  1:46  Probe (Chrono Boost)  
  23  1:56  Probe (Chrono Boost)  
  23  1:58  Warp Gate (Chrono Boost)  
  24  2:04  Stalker  
  26  2:19  Gateway  
  26  2:23  Mothership Core  
  26  2:28  Stalker  
  30  2:32  Pylon  
  30  2:50  Stalker  
  32  2:51  Gateway  
  32  2:58  Stalker  
  34  3:07  Pylon  
  34  3:11  Stalker  
  36  3:49  Stalker x3  
  36  3:51  Stalker  
  42  4:06  Pylon  
  42  4:13  Adept x2  
  46  4:20  Twilight Council  
  46  4:26  Adept x2  
  48  4:52  Adept x2  
  50  4:53  Adept  
  52  5:05  Adept  
  48  5:25  Adept x3  
  54  5:32  Pylon  
  54  5:33  Pylon  
  46  5:53  Adept x4  
  46  6:22  Adept x2  
  46  6:23  Adept x2  
  42  6:44  Adept x4  
  50  6:50  Pylon x2  
  50  7:05  Adept x4  
  58  7:25  Adept x3  
  58  7:26  Adept  
  60  7:47  Adept  
  60  7:48  Adept x2  
  56  7:54  Zealot  
  48  8:25  Zealot  
  48  8:26  Zealot x3  
  46  8:49  Cybernetics Core  
  46  9:27  Sentry x4  
  54  9:47  Adept  
  56  9:57  Adept x3  
  62  10:20  Adept x4  
  60  10:41  Adept x3  
  60  10:42  Adept  
  68  11:16  Adept  
  70  11:29  Adept x3  
  70  11:51  Adept x3  
  68  12:05  Adept  
  62  12:23  Adept  
  62  12:24  Zealot x2  
  62  12:27  Zealot  
  68  12:49  Zealot  
  64  12:51  Zealot  
Tags
 
Add a new tag
Caveats
  • Supply blocks, unpowered buildings, or Contaminate may cause inaccurate times.
  • Supply counts are checked every 10 seconds.